Map: Abyssal Reef LE

Players

Juxtapose

  • Race: Zerg Zerg
  • Spawn Location: 5:00

Space - Winner!

  • Race: Protoss Protoss
  • League: Silver
  • Spawn Location: 11:00

VOD

https://youtu.be/vmKjAehqRUI

Description

Instead of Versus AI, I decided to go back to Unranked which I played very briefly in February.

I had a lot of fun with this match, and I learned a lot. I make many, many errors, the prime of which I believe was not scouting/attacking my opponent early enough as he was very undefended early on.

Time

  • Played on: May 9, 2017, 8:37 p.m.
  • Length: 18:22
Show
View Real Time Build Order
Export as new Build Order

Juxtapose Zerg 

Build Orders: Pool First 

Get SALT Encoding   

  12  0:01  Drone  
  13  0:13  Overlord  
  13  0:18  Drone  
  14  0:32  Drone  
  15  0:39  Spawning Pool  
  15  0:42  Drone  
  15  0:46  Drone  
  16  0:54  Overlord  
  16  1:01  Drone  
  17  1:07  Extractor  
  17  1:10  Drone  
  17  1:21  Drone  
  18  1:27  Queen  
  20  1:34  Drone  
  21  1:40  Drone  
  21  1:46  Extractor  
  21  1:51  Drone  
  22  2:01  Drone  
  23  2:15  Drone  
  24  2:24  Lair  
  24  2:28  Hatchery  
  23  2:32  Evolution Chamber  
  23  2:34  Drone x2  
  24  2:39  Zergling x6  
  27  2:50  Drone  
  28  3:03  Spore Crawler  
  27  3:08  Spore Crawler  
  27  3:09  Drone x2  
  28  3:17  Zergling x4  
  28  3:19  Overlord  
  30  3:34  Overlord  
  30  3:37  Queen  
  32  3:46  Drone  
  33  3:50  Overlord x2  
  33  3:51  Drone  
  33  3:55  Zergling x2  
  35  4:02  Hydralisk Den  
  34  4:06  Drone  
  34  4:07  Drone x2  
  37  4:28  Spore Crawler  
  37  4:30  Spore Crawler  
  35  4:31  Drone x4  
  35  4:35  Queen  
  41  4:43  Muscular Augments  
  41  4:45  Drone  
  42  5:00  Drone x2  
  42  5:01  Drone x4  
  48  5:32  Drone x3  
  51  5:35  Extractor  
  51  5:38  Extractor, Drone x2  
  51  5:39  Drone  
  52  5:43  Queen  
  52  5:47  Zerg Melee Weapons Level 1  
  54  6:07  Hydralisk x3  
  54  6:09  Overlord  
  54  6:10  Overlord x2  
  60  6:14  Hatchery  
  59  6:34  Burrow  
  59  6:37  Hydralisk x6  
  59  6:38  Hydralisk x2  
  75  6:42  Metabolic Boost  
  75  7:06  Hydralisk x4  
  83  7:08  Overlord  
  83  7:10  Overlord x2  
  83  7:13  Overseer  
  83  7:16  Overseer  
  83  7:40  Drone x2  
  83  7:43  Hydralisk x7  
  97  7:45  Pneumatized Carapace  
  99  7:57  Drone  
  99  7:58  Drone x3  
  75  8:21  Hydralisk  
  75  8:22  Hydralisk x6  
  75  8:23  Hydralisk  
  85  8:36  Spire  
  85  8:40  Drone x2  
  85  8:41  Drone x4  
  90  8:47  Spore Crawler  
  89  8:50  Spore Crawler  
  88  9:21  Overlord x2  
  70  9:58  Corruptor x3  
  70  9:59  Corruptor x7  
  70  10:00  Corruptor x2  
  70  10:02  Hydralisk  
  70  10:03  Hydralisk  
  70  10:04  Zergling x6  
  87  10:27  Extractor  
  86  10:31  Extractor  
  85  10:49  Hydralisk x6  
  91  10:50  Hydralisk x3  
  91  10:55  Zerg Missile Weapons Level 1  
  103  11:08  Drone x3  
  103  11:09  Hydralisk x3  
  112  11:27  Hydralisk  
  112  11:29  Overlord x4  
  112  11:30  Overlord  
  71  12:10  Corruptor  
  71  12:11  Corruptor x7  
  71  12:12  Corruptor  
  77  12:33  Zerg Flyer Weapons Level 1, Hatchery  
  77  12:36  Hydralisk x2  
  77  12:37  Hydralisk x2  
  84  12:56  Zerg Missile Weapons Level 2  
  84  12:59  Hydralisk x5  
  94  13:10  Hydralisk x2  
  94  13:11  Hydralisk  
  100  13:28  Hydralisk x4  
  100  13:29  Hydralisk  
  82  14:05  Corruptor x3  
  82  14:06  Corruptor x3  
  94  14:20  Drone x2  
  94  14:21  Extractor  
  94  14:23  Drone  
  96  14:25  Extractor  
  96  14:27  Drone x4  
  96  14:28  Drone x3  
  102  14:31  Drone  
  103  14:45  Spore Crawler  
  103  14:47  Spore Crawler  
  101  15:06  Corruptor x2  
  101  15:07  Corruptor x2  
  101  15:11  Hydralisk x4  
  101  15:12  Hydralisk  
  119  15:19  Infestation Pit  
  118  15:24  Zerg Ground Armor Level 1  
  118  15:26  Zerg Flyer Armor Level 1  
  118  15:39  Drone x2  
  118  15:41  Drone x7  
  118  15:42  Drone  
  128  15:43  Corruptor x2  
  128  15:46  Hydralisk  
  134  15:58  Hive  
  134  16:24  Corruptor x6  
  146  16:34  Spine Crawler  
  146  16:35  Spine Crawler  
  144  16:53  Hatchery  
  143  16:56  Hydralisk x2  
  143  16:57  Hydralisk x6  
  143  16:59  Overlord x2  
  143  17:00  Extractor  
  158  17:04  Extractor  
  157  17:30  Hydralisk x4  
  157  17:31  Hydralisk x2  
  151  17:46  Corruptor  
  151  17:47  Corruptor  
  151  17:49  Hydralisk  
  151  17:50  Hydralisk  
  121  17:51  Zergling x4  
  121  17:52  Zergling x6  
Show
View Real Time Build Order
Export as new Build Order

Space Protoss - Winner!

Build Orders:  

Get SALT Encoding   

  12  0:08  Probe (Chrono Boost)  
  13  0:18  Probe (Chrono Boost)  
  13  0:19  Pylon  
  14  0:29  Probe (Chrono Boost)  
  15  0:39  Gateway, Probe (Chrono Boost)  
  16  0:46  Assimilator  
  16  0:50  Probe (Chrono Boost)  
  17  0:59  Assimilator  
  17  1:00  Probe (Chrono Boost)  
  19  1:11  Probe (Chrono Boost)  
  19  1:22  Probe (Chrono Boost)  
  20  1:26  Cybernetics Core  
  20  1:39  Probe (Chrono Boost)  
  21  2:04  Nexus  
  21  2:06  Adept  
  21  2:08  Warp Gate  
  23  2:12  Pylon  
  23  2:30  Probe (Chrono Boost)  
  24  2:41  Mothership Core (Chrono Boost)  
  26  2:59  Probe (Chrono Boost)  
  27  3:10  Probe (Chrono Boost)  
  26  3:20  Stargate  
  26  3:24  Probe x2 (Chrono Boost)  
  28  3:30  Pylon  
  28  3:35  Probe x2 (Chrono Boost)  
  28  3:37  Sentry  
  32  3:45  Probe x2 (Chrono Boost)  
  32  3:46  Assimilator  
  32  3:48  Assimilator  
  34  3:56  Probe x2 (Chrono Boost)  
  34  3:57  Stargate  
  36  4:06  Probe (Chrono Boost)  
  36  4:07  Probe (Chrono Boost)  
  43  4:17  Probe (Chrono Boost)  
  43  4:35  Forge  
  43  4:44  Fleet Beacon  
  43  4:49  Phoenix x2  
  43  4:53  Probe (Chrono Boost)  
  43  4:54  Probe (Chrono Boost)  
  45  5:04  Probe x2 (Chrono Boost)  
  45  5:05  Protoss Air Weapons Level 1  
  47  5:09  Protoss Shields Level 1  
  47  5:14  Phoenix, Probe (Chrono Boost)  
  47  5:15  Probe (Chrono Boost)  
  47  5:18  Pylon  
  47  5:20  Pylon  
  51  5:25  Probe x2 (Chrono Boost)  
  53  5:36  Probe x2 (Chrono Boost)  
  53  5:38  Photon Cannon  
  57  6:00  Phoenix  
  57  6:01  Carrier  
  63  6:14  Graviton Catapult  
  63  6:25  Carrier  
  69  6:29  Photon Cannon  
  69  6:42  Nexus  
  69  6:46  Pylon  
  69  6:49  Pylon  
  69  7:10  Photon Cannon  
  69  7:13  Photon Cannon  
  69  7:27  Carrier  
  69  7:51  Carrier  
  75  8:34  Probe x2 (Chrono Boost)  
  75  8:36  Probe (Chrono Boost)  
  75  8:40  Assimilator  
  76  8:44  Probe (Chrono Boost)  
  76  8:45  Assimilator, Probe (Chrono Boost)  
  76  8:47  Probe (Chrono Boost)  
  79  8:52  Carrier  
  79  8:55  Probe x2 (Chrono Boost)  
  87  9:03  Probe (Chrono Boost)  
  87  9:05  Probe (Chrono Boost)  
  89  9:11  Pylon  
  89  9:13  Probe (Chrono Boost)  
  89  9:14  Probe (Chrono Boost), Pylon  
  89  9:16  Carrier, Probe (Chrono Boost)  
  98  9:23  Probe (Chrono Boost)  
  99  9:24  Probe (Chrono Boost)  
  99  9:27  Probe (Chrono Boost)  
  101  9:34  Photon Cannon, Probe (Chrono Boost)  
  101  9:35  Probe (Chrono Boost)  
  101  9:36  Photon Cannon  
  103  9:39  Photon Cannon  
  103  9:52  Protoss Air Weapons Level 2  
  94  10:12  Carrier  
  100  10:22  Probe x2 (Chrono Boost)  
  102  10:29  Stargate  
  102  10:33  Carrier  
  108  10:47  Pylon  
  108  10:48  Pylon  
  108  10:51  Pylon  
  108  10:53  Photon Cannon  
  108  10:55  Photon Cannon  
  108  10:58  Photon Cannon  
  108  11:08  Carrier  
  108  11:20  Nexus  
  108  11:21  Pylon  
  108  11:23  Pylon  
  114  11:27  Carrier  
  120  11:48  Carrier  
  120  11:49  Twilight Council  
  100  12:23  Carrier  
  100  12:26  Charge  
  100  12:36  Probe (Chrono Boost)  
  107  12:40  Probe (Chrono Boost)  
  107  12:41  Carrier, Probe x2 (Chrono Boost)  
  107  12:42  Assimilator  
  110  12:45  Assimilator  
  110  12:46  Probe (Chrono Boost)  
  112  12:52  Probe (Chrono Boost)  
  112  12:55  Probe x2 (Chrono Boost)  
  112  12:57  Probe (Chrono Boost)  
  121  12:59  Stargate  
  121  13:05  Probe (Chrono Boost)  
  122  13:07  Probe x2 (Chrono Boost)  
  122  13:08  Mothership Core (Chrono Boost), Void Ray  
  130  13:33  Stargate  
  118  13:43  Void Ray  
  118  13:45  Void Ray  
  120  14:01  Void Ray  
  124  14:17  Void Ray  
  124  14:20  Void Ray  
  124  14:22  Void Ray  
  136  14:39  Void Ray  
  140  14:54  Carrier  
  140  14:57  Void Ray  
  140  14:59  Void Ray  
  154  15:10  Carrier  
  154  15:11  Nexus  
  154  15:13  Pylon  
  154  15:16  Pylon  
  154  15:19  Assimilator  
  160  15:24  Assimilator  
  166  15:29  Carrier  
  166  15:42  Void Ray  
  176  16:14  Void Ray  
  176  16:25  Carrier x2  
  192  16:43  Carrier  
Tags
 
League
Silver
Matchup
PvZ
Opening
Pool First
Spawn Locations
Cross Positions
Add a new tag
Caveats
  • Supply blocks, unpowered buildings, or Contaminate may cause inaccurate times.
  • Supply counts are checked every 10 seconds.